AoeStats
← PrestoBeast4034

Black Forest

507398891Analyzed
2v2 RM · 13d ago on Sep 18, 2026· 47m 29s· 4 players
Game mode
Random Map
Map size
Medium (4 player)
Population
200
Speed
Normal
Resources
Standard
Victory
Conquest
Starting age
Dark Age
Ending age
Imperial Age
RankedLock teamsTeams togetherTeam positionsShared explorationLock speedFull tech treeHidden civsTurbo modeCheats
Victory
Defeat
🇹🇷 Britons · Türkiye
1544
+13
🇨🇦 Persians · Canada
1385
+18
🇺🇸 Koreans · United States
1472
-16
🇺🇸 Bohemians · United States
1447
-15
PrestoBeast4034
7:19 Loom
9:46 Feudal Age
10:18 Man-at-Arms
15:05 Double-Bit Axe
19:51 Horse Collar
22:23 Castle Age
20:16 Fletching
21:50 Gold Mining
23:03 Bodkin Arrow
23:30 Bow Saw
25:59 Wheelbarrow
29:20 Hand Cart
31:38 Fortified Wall
32:14 Town Watch
36:11 Imperial Age
34:01 Squires
34:02 Scale Mail Armor
37:16 Chain Mail Armor
40:43 Elite Fire Lancer
41:58 Heavy Plow
43:31 Elite Skirmisher
44:43 Bracer
45:42 Ballistics
47:02 Chemistry
46:29 Pikeman
47:15 Halberdier
Camoanimal
0:40 Loom
10:45 Feudal Age
17:15 Castle Age
15:43 Double-Bit Axe
15:42 Horse Collar
16:36 Town Watch
19:28 Bow Saw
26:57 Heavy Plow
30:39 Imperial Age
27:56 Pikeman
28:41 Squires
29:14 Scale Mail Armor
29:26 Forging
30:37 Town Patrol
31:15 Wheelbarrow
31:51 Halberdier
32:16 Arson
35:16 Chemistry
34:12 Fletching
Arda Asar
0:26 Loom
12:02 Feudal Age
20:55 Double-Bit Axe
22:00 Fishing Lines
25:41 Wheelbarrow
29:24 Castle Age
27:21 Fletching
28:04 Gold Mining
28:05 Stone Mining
28:57 Stone Mining
29:34 Town Watch
30:28 Bow Saw
31:19 Gillnets
33:06 Gold Shaft Mining
34:25 Hand Cart
37:00 Bodkin Arrow
37:05 Padded Archer Armor
38:11 Coinage
40:50 Imperial Age
38:54 Yeomen
38:19 Treadmill Crane
39:00 Ballistics
38:57 Leather Archer Armor
39:30 Town Patrol
39:48 Caravan
40:18 Coinage
40:53 Elite Longbowman
41:53 Conscription
40:54 Elite Longbowman
42:37 Chemistry
41:43 Siege Engineers
42:00 Masonry
43:37 Two-Man Saw
42:55 Guilds
43:05 Bracer
43:42 Ring Archer Armor
44:38 Banking
44:10 Warwolf
43:32 Capped Ram
46:07 Architecture
45:39 Murder Holes
47:12 Hoardings
Zeza
1:00 Loom
11:14 Feudal Age
11:35 Feudal Age
15:51 Castle Age
13:54 Double-Bit Axe
14:22 Horse Collar
23:43 Wheelbarrow
23:06 Gold Mining
23:51 Bow Saw
24:10 Heavy Plow
26:34 Hand Cart
29:43 Imperial Age
27:26 Stone Mining
27:49 Scale Barding Armor
27:59 Town Watch
28:57 Chain Barding Armor
28:57 Forging
29:40 Bloodlines
29:22 Onager
29:24 Cavalier
31:00 Plate Barding Armor
31:24 Coinage
31:18 Husbandry
32:10 Masonry
32:43 Iron Casting
32:02 Savar
32:59 Town Patrol
33:53 Conscription
35:03 Light Cavalry
35:11 Crossbowman
35:42 Fletching
36:28 Citadels
36:42 Kamandaran
37:01 Bodkin Arrow
38:04 Architecture
38:27 Banking
37:41 Sappers
37:48 Hussar
39:43 Blast Furnace
39:58 Chemistry
40:03 Gold Shaft Mining
41:13 Ballistics
41:45 Thumb Ring
41:42 Padded Archer Armor
42:41 Caravan
Connection lost

Rejoining the realm…

Still unreachable

The connection could not be restored.

Session expired

The server has moved on; the page needs a fresh start.